 Dungeon Crawl Stone Soup version 0.29-a0-341-g24ffce5b50 (webtiles) character file.

Game seed: 6512401001973181378

49 Jortsu the Shield-Bearer (level 3, -4/36 HPs)
             Began as a Troll Fighter on Apr 20, 2022.
             Was an Initiate of Yredelemnul.
             Killed from afar by an orc wizard (7 damage)
             ... with a puff of flame
             ... on level 2 of the Dungeon.
             The game lasted 00:02:08 (1086 turns).

Jortsu the Shield-Bearer (Troll Fighter)            Turns: 1086, Time: 00:02:09

Health: -4/36      AC:  4    Str: 26    XL:     3   Next: 51%
Magic:  2/2        EV: 12    Int:  4    God:    Yredelemnul [......]
Gold:   82         SH:  7    Dex:  9    Spells: 2/2 levels left

rFire   . . .      SeeInvis .   a - +0 flail
rCold   . . .      Faith    .   c - +0 kite shield
rNeg    . . .      Spirit   .   b - +0 robe
rPois   .          Reflect  .   (helmet restricted)
rElec   .          Harm     .   (no cloak)
rCorr   .          Rampage  .   (gloves unavailable)
Will    .....                   (boots unavailable)
Stlth   +.........              (no amulet)
HPRegen 0.92/turn               f - +4 ring of evasion
MPRegen 0.08/turn               (no ring)

@: no status effects
A: large, unfitting armour, claws 3, regeneration 1, shaggy fur 1, tough skin 1
a: Renounce Religion, Recall Undead Harvest


You were on level 2 of the Dungeon.
You worshipped Yredelemnul.
Yredelemnul was noncommittal.
You visited 1 branch of the dungeon, and saw 2 of its levels.

You collected 82 gold pieces.

Inventory:

Hand Weapons
 a - a +0 flail (weapon)
Armour
 b - a +0 robe (worn)
 c - a +0 kite shield (worn)
Jewellery
 f - a +4 ring of evasion (left claw)
 h - a +6 ring of intelligence
Scrolls
 e - a scroll of amnesia
 g - a scroll of identify
 i - a scroll of fear {unknown}
 k - a scroll of silence {unknown}
 l - a scroll of teleportation {unknown}
Potions
 d - 3 potions of might
 j - a potion of curing {unknown}


   Skills:
 + Level 2.8 Fighting
 + Level 2.0 Maces & Flails
 + Level 2.7 Dodging
 + Level 3.1 Shields


You had 2 spell levels left.
You didn't know any spells.
Your spell library contained the following spells:

 Spells                   Type           Power      Damage    Failure   Level
 Sandblast                Erth           0%         2d4       80%         1
 Passwall                 Tmut/Erth      0%         N/A       90%         2
 Stone Arrow              Conj/Erth      0%         3d7       99%         3


Dungeon Overview and Level Annotations

Branches:
Dungeon (2/15)

Altars:
Yredelemnul


Innate Abilities, Weirdness & Mutations

You are too large for most types of armour.
You have claws for hands.
Your natural rate of healing is unusually fast.
You are covered in fur. (AC +1)
You have tough skin. (AC +1)


Message History

The orc barely misses your frilled lizard zombie.
Your frilled lizard zombie closely misses the orc.
Things that are here:
a +0 whip of flaming; a +0 club You swap places.
Something hits your orc zombie. The orc hits you but does no damage.
You barely miss the orc. Something hits your orc zombie.
Your orc zombie is destroyed!
You block the orc's attack.
You barely miss something.
Something hits your frilled lizard zombie.
Your frilled lizard zombie is destroyed!
You barely miss something. Something hits you.
Something hits you but does no damage. Something hits you.
You block the orc's attack. The orc hits you with a +0 club.
You miss something.
You hear some strange, mumbled words.
A magic dart appears from out of thin air!
The magic dart hits you!
You hear some strange, mumbled words.
A puff of flame appears from out of thin air!
The puff of flame hits you. You block the orc's attack. x2
You sock something!
Something hits you. x2; The orc closely misses you.
You block the orc's attack. x2; The orc closely misses you.
Something hits you. Something barely misses you.
You miss something.
Something hits you. x2; The orc hits you with a +0 club.
* * * LOW HITPOINT WARNING * * *
The orc hits you with a +0 club.
* * * LOW HITPOINT WARNING * * *
You sock something!
You hear some strange, mumbled words.
A magic dart appears from out of thin air!
The magic dart hits you.
* * * LOW HITPOINT WARNING * * *
You hear some strange, mumbled words.
A puff of flame appears from out of thin air!
The puff of flame hits you!
You die...
Your body rises from the dead as a mindless zombie.

#......##### #.8<..8.##....##
#......#...###...............
#.>......#.#.##..8...........
#......o....#.#..............
#=......#..###.).######......
#.<.....#.#.#.#..# #...###
.######.#.......#.# #...# #
#....oo###.## #...#
#####.####@# ## ###...#
........){{# ###.#...#
####..###### #.......# #.
####......#### #
#.........##..
##.#..........#
#..>.....#.#### ##..#.......#
#.....##.####


You could see 2 orcs.

Vanquished Creatures
  Terence (D:2)
  A dart slug (D:1)
  3 endoplasms
  A giant cockroach (D:2)
  A hobgoblin (D:1)
  3 quokkas
  2 ball pythons (D:1)
  2 bats
  3 frilled lizards
  2 goblins (D:1)
  2 kobolds (D:2)
  A rat (D:1)
22 creatures vanquished.

Vanquished Creatures (collateral kills)
  An orc (D:2)
  A goblin (D:2)
2 creatures vanquished.

Vanquished Creatures (others)
  A frilled lizard zombie (D:2)
  A goblin zombie (D:2)
  A kobold zombie (D:2)
  An orc zombie (D:2)
  A quokka zombie (D:2)
  5 fungi (D:1)
  4 plants (D:1)
14 creatures vanquished.

Grand Total: 38 creatures vanquished

Notes
Turn   | Place    | Note
-------+----------+-------------------------------------------
     0 | D:1      | Jortsu the Troll Fighter began the quest for the Orb.
     0 | D:1      | Reached XP level 1. HP: 22/22 MP: 0/0
   124 | D:1      | Reached XP level 2. HP: 29/29 MP: 1/1
   413 | D:1      | Found a faded altar of an unknown god.
   431 | D:1      | Prayed at the altar of an unknown god.
   431 | D:1      | Became a worshipper of Yredelemnul the Dark
   431 | D:1      | Reached * piety under Yredelemnul
   749 | D:2      | Noticed Terence
   785 | D:2      | Killed Terence
   786 | D:2      | Reached skill level 3 in Shields
   786 | D:2      | Reached XP level 3. HP: 27/36 MP: 2/2
   943 | D:2      | Found Yjia's Antique Weapon Emporium.
  1086 | D:2      | Killed from afar by an orc wizard

Illustrated notes

Levels and vault maps discovered:
D:1:      saegor_arrival_simple_b, layout_rooms,
          shapermc_ecumenical_altar_ellora, chequers_serial_rivers_small_a
D:2:      layout_loops_cross, serial_shops, nicolae_shop_statue_plus,
          uniq_terence

Skill      XL: |  1  2 |
---------------+-------+-----
Maces & Flails | 2 |  2.0
Shields        | 3 |  3.1
Fighting       | |  2.8
Dodging        | |  2.7

Action                   || total
-------------------------++-------
Melee: Flail             ||    99
  Use: Scroll            ||     2
 Stab: Distracted        ||     1
Armor: Robe              ||    26
Dodge: Dodged            ||    57
Block: Kite shield       ||    55

Table legend: (Time is in decaauts)
 A = Elapsed time spent in this place.
 B = Non-inter-level travel time spent in this place.
 C = Inter-level travel time spent in this place.
 D = Time resting spent in this place.
 E = Time spent auto-exploring this place.
 F = Levels seen in this place.
 G = Mean time per level.
                   A        B        C        D        E       F      G
               +--------+--------+--------+--------+--------+-----+--------+
         Total |   1132 |   1083 |     49 |      0 |    710 |   2 |  566.0 |
       Dungeon |   1132 |   1083 |     49 |      0 |    710 |   2 |  566.0 |
               +--------+--------+--------+--------+--------+-----+--------+

Top non-repeatable levels by time:
     D:1: 638 daAuts
     D:2: 493 daAuts
